 Dungeon Crawl Stone Soup version 0.30-a0-743-gbfdf073431 (webtiles) character file.

Game seed: 11494051492497246515

2219903 freelancePsychic the Acrobat (level 27, 254/254 HPs)
             Began as a Yellow Draconian Ice Elementalist on Feb 6, 2023.
             Was a High Priest of Cheibriados.
             Escaped with the Orb
             ... and 4 runes on Feb 7, 2023!
             The game lasted 02:26:16 (76491 turns).

freelancePsychic the Acrobat (DrIE)                Turns: 76491, Time: 02:26:16

Health: 254/254    AC: 22    Str: 29    XL:     27
Magic:  39/39      EV: 58    Int: 49    God:    Cheibriados [*****.]
Gold:   6684       SH: 24    Dex: 38    Spells: 13/50 levels left

rFire   + . .      SeeInvis .    b - +9 sacred scourge (holy)
rCold   + + .      Faith    .    z - +5 kite shield {rC+ rF+}
rNeg    . . .      Spirit   .    (body armour unavailable)
rPois   .          Reflect  .    W - +1 hat of Experimentation {rC+ Will+ Dex+2}
rElec   +          Harm     .    Z - +2 cloak {Will+}
rCorr   +          Rampage  .    K - +1 pair of gloves of Tenacity {Str+6 Slay+2}
Will    ++++.                    w - +2 pair of boots of the Stone Wall {Int+4}
Stlth   ++                       O - dreamshard necklace {*Dream Drain}
HPRegen 0.62/turn                X - ring "Systrudiz" {rElec Int+6}
MPRegen 0.26/turn                B - ring of the Hare {EV+10}

@: studying Ranged Weapons, very slow
A: spit acid, AC +13, unfitting armour, acidic bite, cold-blooded, acid
resistance, horns 1, agile 1, clever 1, electricity resistance, wild magic 1,
evolution 1, inability to drink after injury 1
0: Orb of Zot
}: 4/15 runes: barnacled, slimy, silver, gossamer
a: Breathe Acid, Renounce Religion, Bend Time, Temporal Distortion, Slouch, Step
From Time


You escaped.
You worshipped Cheibriados.
Cheibriados was extremely pleased with you.
You visited 11 branches of the dungeon, and saw 55 of its levels.
You visited 1 ziggurat, and saw 9 of its levels.
You also visited: Bailey, Gauntlet and Ice Cave.

You collected 10171 gold pieces.
You spent 3487 gold pieces at shops.

Inventory:

Hand Weapons
 b - a +9 sacred scourge of holy wrath (weapon)
Missiles
 c - 24 poisoned darts
 M - 5 throwing nets
 S - 10 curare-tipped darts (quivered)
Armour
 w - the +2 pair of boots of the Stone Wall (worn) {Int+4}
   (You acquired it on level 3 of a ziggurat)

   Int:       It affects your intelligence (+4).
 z - a +5 kite shield of resistance (worn)
 K - the +1 pair of gloves of Tenacity (worn) {Str+6 Slay+2}
   (You found it on level 5 of the Vaults)

   Str:       It affects your strength (+6).
   Slay:      It affects your accuracy & damage with ranged weapons and melee
   (+2).
 W - the +1 hat of Experimentation (worn) {rC+ Will+ Dex+2}
   (You acquired it on level 11 of the Dungeon)

   Dex:       It affects your dexterity (+2).
   rC:        It protects you from cold.
   Will:      It increases your willpower.
 Z - a +2 cloak of willpower (worn)
Magical Staves
 V - a staff of cold
Jewellery
 a - the ring of Shadows {Umbra +Inv Stlth+}
   (You took it off a vault guard on level 5 of the Vaults)

   [ring of stealth]

   Umbra:     It surrounds you with an aura of shadow, increasing your stealth
   and reducing the accuracy of all others within it.
   +Inv:      It lets you turn invisible.
   Stlth:     It makes you more stealthy.
 v - the ring "Giblaedi" {rF+ Will+}
   (You found it on level 3 of the Elven Halls)

   [ring of protection from fire]

   rF:        It protects you from fire.
   Will:      It increases your willpower.
 x - an amulet of regeneration
 B - the ring of the Hare (right hand) {EV+10}
   (You took it off a merfolk on level 4 of the Shoals)

   [ring of evasion]

   EV:        It affects your evasion (+10).
 O - the dreamshard necklace (around neck) {*Dream Drain}
   (You found it on level 5 of a ziggurat)

   [amulet of nothing]

   *Dream:    It shatters if its wearer takes lethal or near-lethal damage,
   preventing the blow and releasing protective dreams that heal and fight for
   the wearer.
   Drain:     It drains your maximum health when unequipped.
 X - the ring "Systrudiz" (left hand) {rElec Int+6}
   (You bought it in a shop on level 2 of the Orcish Mines)

   [ring of intelligence]

   Int:       It affects your intelligence (+6).
   rElec:     It insulates you from electricity.
 Y - a +4 ring of protection
Wands
 i - a wand of flame (90)
 y - a wand of roots (17)
 D - a wand of polymorph (30)
 H - a wand of digging (24)
 J - a wand of charming (13)
 P - a wand of mindburst (58)
 R - a wand of quicksilver (18)
Scrolls
 d - 5 scrolls of torment
 e - 7 scrolls of blinking
 h - 12 scrolls of immolation
 k - 4 scrolls of poison
 o - 7 scrolls of noise
 p - 15 scrolls of amnesia
 q - 15 scrolls of teleportation {@r4}
 t - 5 scrolls of fear
 C - 8 scrolls of vulnerability
 I - 3 scrolls of summoning
 U - 35 scrolls of identify {@r1}
Potions
 f - 23 potions of degeneration
 g - 11 potions of lignification
 j - 4 potions of brilliance
 l - 20 potions of curing {@q1}
 n - 8 potions of magic
 r - 13 potions of attraction
 s - 7 potions of ambrosia
 u - 7 potions of flight
 E - 3 potions of cancellation
 G - 2 potions of mutation
 L - 4 potions of heal wounds {@q2}
 N - 5 potions of might
 T - 5 potions of berserk rage


   Skills:
 - Level 22.0 Fighting
 - Level 18.0 Axes
 - Level 2.2(12.0) Maces & Flails
 + Level 25.1 Dodging
 - Level 8.0 Stealth
 - Level 16.6 Shields
 - Level 12.2 Spellcasting
 - Level 5.0 Conjurations
 - Level 12.0 Translocations
 - Level 5.0 Transmutations
 - Level 16.0 Ice Magic
 - Level 3.1 Air Magic
 - Level 14.0 Invocations


You had 13 spell levels left.
You knew the following spells:

 Your Spells              Type           Power      Damage    Failure   Level
a - Vhi's Electric Charg  Tloc/Air       100%       N/A       1%          3
b - Dispersal             Tloc           56%        N/A       2%          6
c - Ozocubu's Armour      Ice            100%       N/A       1%          3
d - Freezing Cloud        Conj/Ice/Air   48%        6-21      2%          5
e - Ozocubu's Refrigerat  Ice            63%        4d21      3%          7
f - Freeze                Ice            100%       1d10      1%          1
g - Frozen Ramparts       Ice            100%       1d16      1%          3
h - Irradiate             Conj/Tmut      40%        3d25      7%          5
i - Passage of Golubria   Tloc           100%       N/A       1%          4

Your spell library contained the following spells:

 Spells                   Type           Power      Damage    Failure   Level
 Blink                    Tloc           100%       N/A       1%          2
 Ensorcelled Hibernation  Hex/Ice        100%       N/A       1%          2
 Lesser Beckoning         Tloc           100%       N/A       1%          2
 Momentum Strike          Conj/Tloc      100%       3d10      1%          2
 Passwall                 Tmut/Erth      52%        N/A       1%          2
 Static Discharge         Conj/Air       100%       2-7/arc   1%          2
 Wereblood                Tmut           80%        N/A       1%          2
 Gell's Gravitas          Tloc           100%       N/A       1%          3
 Hailstorm                Conj/Ice       100%       3d20      1%          3
 Kindle Blastsparks       Fire/Tloc/Air  100%       2d18      1%          3
 Portal Projectile        Hex/Tloc       100%       N/A       1%          3
 Teleport Other           Tloc           100%       N/A       1%          3
 Iskenderun's Mystic Bla  Conj/Tloc      99%        2d19      1%          4
 Manifold Assault         Tloc           100%       N/A       1%          4
 Summon Ice Beast         Ice/Summ       96%        N/A       1%          4
 Sandblast                Erth           76%        2d16      2%          1
 Slow                     Hex            100%       N/A       2%          1
 Summon Small Mammal      Summ           100%       N/A       2%          1
 Cigotuvi's Dreadful Rot  Necr/Pois/Air  100%       N/A       2%          2
 Poisonous Vapours        Pois/Air       100%       N/A       2%          2
 Dazzling Flash           Conj/Hex       100%       N/A       2%          3
 Stone Arrow              Conj/Erth      100%       3d13      2%          3
 Swiftness                Air            68%        N/A       2%          3
 Scorch                   Fire           76%        2d8       3%          2
 Sublimation of Blood     Necr           38%        N/A       3%          2
 Ignite Poison            Fire/Tmut/Pois 56%        N/A       3%          3
 Summon Forest            Summ/Tloc      43%        N/A       5%          5
 Call Canine Familiar     Summ           38%        N/A       6%          3
 Confusing Touch          Hex            38%        N/A       6%          3
 Inner Flame              Hex/Fire       38%        N/A       6%          3
 Summon Guardian Golem    Hex/Summ       38%        N/A       6%          3
 Tukima's Dance           Hex            38%        N/A       6%          3
 Vampiric Draining        Necr           38%        2d8       6%          3
 Flame Wave               Conj/Fire      63%        2d15      7%          4
 Fulminant Prism          Conj/Hex       31%        3d16      7%          4
 Petrify                  Tmut/Erth      63%        N/A       7%          4
 Iskenderun's Battlesphe  Conj           80%        2d13      7%          5
 Arcjolt                  Conj/Air       37%        1d47      10%         5
 Lightning Bolt           Conj/Air       37%        1d55      10%         5
 Anguish                  Hex/Necr       19%        N/A       17%         4
 Animate Dead             Necr           38%        N/A       17%         4
 Cause Fear               Hex            19%        N/A       17%         4
 Dispel Undead            Necr           38%        3d16      17%         4
 Leda's Liquefaction      Hex/Erth       19%        N/A       17%         4
 Olgreb's Toxic Radiance  Pois           38%        N/A       17%         4
 Fireball                 Conj/Fire      31%        3d13      17%         5
 Yara's Violent Unravell  Hex/Tmut       31%        3d13      17%         5
 Silence                  Hex/Air        28%        N/A       26%         5
 Agony                    Necr           38%        N/A       43%         5
 Borgnjor's Vile Clutch   Necr/Erth      19%        N/A       43%         5
 Lee's Rapid Deconstruct  Erth           19%        3d11*     43%         5
 Conjure Ball Lightning   Conj/Air       37%        3x3d12    43%         6
 Eringya's Noxious Bog    Tmut/Pois      31%        N/A       65%         6
 Iron Shot                Conj/Erth      31%        9d6       65%         6
 Starburst                Conj/Fire      31%        6d10      65%         6
 Malign Gateway           Summ/Tloc      43%        N/A       73%         7
 Dragon Form              Tmut           40%        N/A       86%         7
 Orb of Destruction       Conj           40%        9d11      86%         7
 Death Channel            Necr           19%        N/A       92%         6
 Summon Cactus Giant      Summ           19%        N/A       92%         6
 Storm Form               Tmut/Air       37%        N/A       93%         7
 Spellforged Servitor     Conj/Summ      31%        N/A       99%         7
 Enfeeble                 Hex            19%        N/A       100%        7
 Haunt                    Necr/Summ      19%        N/A       100%        7
 Summon Hydra             Summ           19%        N/A       100%        7
 Borgnjor's Revivificati  Necr           19%        N/A       100%        8
 Discord                  Hex            19%        N/A       100%        8
 Ignition                 Fire           19%        3d7       100%        8
 Maxwell's Capacitive Co  Air            34%        ∞         100%        8
 Summon Horrible Things   Summ           19%        N/A       100%        8
 Chain Lightning          Conj/Air       37%        3d49      100%        9
 Dragon's Call            Summ           19%        N/A       100%        9
 Fire Storm               Conj/Fire      31%        8d8       100%        9
 Shatter                  Erth           19%        3d17*     100%        9


Dungeon Overview and Level Annotations

Branches:
Dungeon (15/15)            Temple (0/1) D:4            Lair (5/5) D:11
 Shoals (4/4) Lair:2       Spider (4/4) Lair:2        Slime (5/5) Lair:5
    Orc (2/2) D:11            Elf (3/3) Orc:2        Vaults (5/5) D:13
  Crypt (3/3) Vaults:3       Tomb (0/3) Crypt:3      Depths (4/4) D:15
    Zot (5/5) Depths:4     Bailey (visited)           IceCv (visited)
Gauntlet (visited)

Altars:
Ashenzari
Cheibriados
Dithmenos
Elyvilon
Fedhas
Gozag
Kikubaaqudgha
Nemelex Xobeh
Okawaru
Sif Muna
Trog
Uskayaw
Vehumet
Yredelemnul
Zin
Jiyva
Lugonu

Shops:
D:1 [   D:2 ?   D:3 :?[   Orc:1 [   Orc:2 (*=[   Elf:3 *   Vaults:3 (
Vaults:4 =   Depths:2 =:=

Portals:
Hell: Depths:1 Depths:2 Depths:3 Depths:4
Abyss: Depths:2 Depths:3 Depths:4
Pandemonium: Depths:2

Annotations:
D:8 exclusion: door
D:13 exclusion: door
Lair:5 2 runed translucent doors
Shoals:1 Jorgrun; Roxanne
Spider:1 Mlioglotl
Spider:4 3 runed translucent doors, hikkokomori's ghost, adept KoBr
Orc:2 2 transporters, hikkokomori's ghost, journeyman VSFi
Elf:2 3 runed translucent doors
Zot:3 exclusion: curse toe
Zot:4 2 transporters, exclusion: orb of fire, Wefy's ghost, legendary GnIE


Innate Abilities, Weirdness & Mutations

You can spit globs of acid.
Your golden yellow scales are hard. (AC +13)
You cannot fit into any form of body armour.
You have acidic saliva.
You are cold-blooded and may be slowed by cold attacks.
You are resistant to acid. (rCorr)
You have a pair of small horns on your head.
You are agile. (Dex +4, Str/Int -1)
Your mind is acute. (Int +4, Str/Dex -1)
You are resistant to electric shocks. (rElec)
Your spells are a little harder to cast, but a little more powerful.
You have hidden genetic potential.
You occasionally lose the ability to drink potions when taking damage.


Message History

There is a stone staircase leading down here.
There is a stone staircase leading down here.
An Executioner comes into view.
The Executioner gives a hideous shriek!
The Executioner gestures.
The Executioner seems to speed up.
You block the Executioner's attack. x2; The Executioner completely misses you.
You whack the Executioner!
The Executioner convulses!
The Executioner is moderately wounded.
You block the Executioner's attack. x2; The Executioner completely misses you.
You barely miss the Executioner. Your bite misses the Executioner.
The Executioner is moderately wounded.
The Executioner completely misses you. You block the Executioner's attack.
The Executioner completely misses you. You block the Executioner's attack. x2
The Executioner hits you but does no damage.
You hit the Executioner.
The Executioner convulses.
You tail-slap the Executioner! Your bite misses the Executioner.
The Executioner is heavily wounded.
You block the Executioner's attack. The Executioner completely misses you.
You block the Executioner's attack.
The Executioner hits you but does no damage.
The Executioner completely misses you. x2
You thrash the Executioner!!
The Executioner convulses!
The Executioner is almost dead.
You block the Executioner's attack. The Executioner hits you!
You block the Executioner's attack.
You whack the Executioner!
You kill the Executioner!
Cheibriados thoroughly appreciates the change of pace.
(D) Dungeon (T) Temple (L) Lair (A) Shoals (N) Spider Nest (M) Slime Pits (O) Orcish Mines (E) Elven Halls (V) Vaults (C) Crypt (W) Tomb (U) Depths (H) Hell (Z) Zot
Where to? (Enter - D:1 @ (x,y), ? - help) HP restored.
You see here 6 stones.
You open the door.
There is an open door here.
There is a staircase leading out of the dungeon here.
You have escaped!

#.# #...#.# #.# #∩.∩..# #.#
#..##.# #.# #.###.# #.# #.# #.#
##### #.# #.# #.# ########PPP#
#.# #.# #.# #.....##~~~#####.#
#.# #.# ########.###.+..@..'(...#
#.# #.# .........# #.##♣.♣#####.#
#.# #.# ########.###.###'#
#.###.###.# ########.....##..#
#.........#
..|.............#######..##.#####
##########...............##.#
#####.########.###>#
##.#.#######.# #.#
#.###........###>#


There were no monsters in sight!

Vanquished Creatures
  2 pandemonium lords
  the Royal Jelly (Slime:5)
  A seraph (D:14)
  3 dread liches
  4 ancient liches
  3 orbs of fire (Zot:5)
  Mara (Shoals:3)
  Mennas (Vaults:4)
  A juggernaut (Depths:4)
  A Killer Klown (Zot:5)
  Frederick (Vaults:4)
  Margery (Vaults:5)
  Vv (Crypt:3)
  Xtahua (Crypt:3)
  A curse toe (Zot:1)
  Saint Roka (Vaults:4)
  4 caustic shrikes
  Jory (Vaults:5)
  3 golden dragons
  the Enchantress (Depths:3)
  3 bone dragons
  3 doom hounds (Crypt:3)
  An electric golem (Zot:5)
  2 Ice Fiends (Zig:9)
  27 Orb Guardians
  4 titans (Vaults:5)
  Zenata (Vaults:4)
  16 tentacled monstrosities
  2 liches (Depths:2)
  Grunn (Crypt:3)
  5 quicksilver dragons
  2 deep elf master archers (Elf:3)
  An Executioner (D:1)
  2 deep elf blademasters (Elf:3)
  17 acid blobs
  Asterion (Spider:4)
  4 sphinxes
  3 ancient champions
  A death cob (Zot:4)
  17 shadow dragons
  12 storm dragons
  7 tengu reavers
  4 revenants
  11 azure jellies
  3 draconian monks
  9 frost giants
  8 rockslimes
  4 thorn hunters
  9 fire giants
  Ilsuiw (Shoals:4)
  5 draconian knights
  16 vault wardens
  2 daevas
  6 emperor scorpions
  A deep elf sorcerer (Elf:1)
  3 iron dragons
  Louise (Spider:1)
  2 curse skulls
  3 ghost moths
  3 balrugs
  3 draconian shifters
  5 draconian scorchers
  2 spectral juggernauts (Crypt:3)
  5 spriggan defenders (Depths:3)
  3 orc warlords
  3 deep elf elementalists (Elf:3)
  10 quicksilver oozes
  A juggernaut skeleton (Crypt:3)
  7 ghouls
  4 war gargoyles
  15 very ugly things
  5 draconian annihilators
  3 broodmothers
  14 stone giants
  10 ironbound thunderhulks
  6 vampire knights
  18 ironbound preservers
  6 deep elf demonologists (Elf:3)
  2 eleionomae
  7 deep elf annihilators
  A demonspawn black sun (D:12)
  A putrid mouth (Crypt:3)
  3 lorocyprocas
  8 green draconians
  5 black draconians
  5 purple draconians
  5 white draconians
  6 yellow draconians
  6 spark wasps
  A minotaur (Gauntlet)
  8 dire elephants
  14 red draconians
  5 deep elf death magi
  5 fire dragons
  A crystal guardian (Vaults:2)
  2 green deaths
  7 jiangshi
  11 eidola
  An acid blob zombie (Crypt:2)
  A spectral iron giant (Crypt:3)
  2 blizzard demons
  7 merfolk javelineers
  8 ettins
  2 shambling mangroves
  7 entropy weavers
  14 great orbs of eyes
  3 spectral quicksilver dragons (Crypt:3)
  Josephine (Spider:1)
  11 merfolk impalers
  The ghost of jimonade the Thaumaturge, a journeyman DjHW of Ashenzari (Lair:2)
  6 rakshasas
  13 yaktaur captains
  A spectral spriggan (Crypt:3)
  3 deep elf high priests
  2 peacekeepers
  4 spriggan air magi
  7 hydras
  2 ogre magi (Vaults:5)
  8 ice dragons
  28 vault guards
  A death knight (D:15)
  13 boulder beetles
  A spectral stone giant (Crypt:3)
  A spriggan skeleton (Depths:1)
  9 ironbound frosthearts
  2 alligator snapping turtles (Shoals:4)
  An anaconda (Depths:3)
  2 catoblepae (Depths:3)
  6 merfolk aquamancers
  26 centaur warriors
  2 jorogumos (Spider:4)
  An alligator (shapeshifter) (D:15)
  3 radroaches (Spider:3)
  6 two-headed ogres
  6 deep troll earth magi
  7 merfolk avatars
  A radroach (shapeshifter) (Vaults:5)
  A satyr (shapeshifter) (Vaults:5)
  7 vampire magi
  An azure jelly zombie (Crypt:3)
  7 tengu warriors
  A titan zombie (Depths:1)
  A shock serpent (shapeshifter) (Depths:4)
  2 spectral nagas (Crypt:3)
  8 death scarabs (Spider:4)
  3 death yaks (Lair:4)
  A satyr (Shoals:3)
  5 deep troll shamans
  11 dancing weapons
  6 orc high priests (Orc:2)
  A quicksilver ooze zombie (Crypt:1)
  2 spriggan berserkers
  A spectral emperor scorpion (Spider:4)
  2 spectral storm dragons (Crypt:3)
  6 hell knights
  8 sun demons
  3 deep elf knights
  A soul eater (Depths:2)
  7 iron trolls
  A spectral bunyip (Crypt:3)
  5 shadow wraiths (Crypt:3)
  4 skeletal warriors
  7 sea snakes
  2 sun moths
  A sixfirhy (Zot:1)
  9 flayed ghosts
  4 pharaoh ants (Spider:4)
  2 death drakes
  66 deep trolls
  A spectral anaconda (Crypt:3)
  3 spriggan druids
  10 orb spiders
  2 spectral hydras (Crypt:3)
  A cherub (D:11)
  9 glowing orange brains
  2 swamp dragons
  9 deep elf archers
  12 wizards
  A bunyip skeleton (Crypt:3)
  A wolf spider zombie (Spider:4)
  27 harpies
  2 bog bodies
  28 deep elf zephyrmancers
  6 steelbarb worms
  5 necromancers
  10 phantasmal warriors
  A golden dragon skeleton (Crypt:1)
  24 ironbound convokers
  An eleionoma zombie (Crypt:2)
  A spectral jorogumo (Spider:4)
  46 ugly things
  6 lindwurms
  25 deep elf pyromancers
  9 orc knights
  4 shining eyes
  A salamander (D:15)
  3 spectral ettins (Crypt:3)
  2 mana vipers (shapeshifter) (Vaults:5)
  3 oklob plants (Lair:5)
  A wolf spider (shapeshifter) (Depths:3)
  A fire giant zombie (Depths:1)
  8 orc sorcerers
  21 moths of wrath
  13 wolf spiders
  11 manticores
  A will-o-the-wisp (Zig:6)
  10 fauns
  11 cyclopes
  8 water nymphs
  12 elephants
  A water nymph (shapeshifter) (Vaults:5)
  A rust devil (Depths:2)
  2 black mambas (shapeshifter)
  12 black mambas
  3 molten gargoyles (Lair:5)
  Joseph (D:7)
  4 demonic crawlers
  9 merfolk sirens
  11 cane toads
  2 ice statues (IceCv)
  16 vault sentinels
  2 smoke demons (Depths:1)
  2 eyes of devastation
  A hellion (Zot:5)
  2 kobold demonologists
  3 gargoyles
  2 tormentors
  12 komodo dragons
  2 redback zombies (Spider:4)
  An unseen horror (D:12)
  A death yak zombie (Crypt:1)
  An iron giant simulacrum (Crypt:3)
  An anaconda simulacrum (IceCv)
  6 rime drakes
  3 efreet
  15 freezing wraiths
  A rime drake (shapeshifter) (D:14)
  9 tengu conjurers
  21 yaktaurs
  3 spectral redbacks (Spider:4)
  8 ice devils
  A spectral harpy (Crypt:3)
  A red draconian skeleton (Crypt:3)
  3 red devils
  2 hellwings (Depths:2)
  A meliai (shapeshifter) (Vaults:3)
  4 meliai (D:14)
  A purple draconian skeleton (Crypt:3)
  28 merfolk
  11 trolls
  A polar bear (Lair:4)
  25 tarantellas
  A wolf spider simulacrum (D:13)
  2 spectral jumping spiders (Spider:4)
  5 wind drakes
  5 hornets
  3 spectral tarantellas (Spider:4)
  26 dream sheep
  A satyr zombie (Crypt:2)
  A jumping spider zombie (Spider:4)
  4 spectral culicivoras (Spider:4)
  17 blink frogs
  A hydra skeleton (Crypt:2)
  8 snapping turtles
  76 slime creatures
  A jumping spider (shapeshifter) (D:14)
  19 culicivoras
  24 jumping spiders
  An air elemental (Elf:3)
  A centaur simulacrum (Crypt:3)
  18 flying skulls
  A vampire (D:12)
  A dire elephant simulacrum (IceCv)
  11 wraiths
  4 shadows
  31 yaks
  4 spriggans (Depths:3)
  19 water elementals
  7 wyverns
  8 basilisks
  22 fire elementals
  22 golden eyes
  A human (shapeshifter) (D:13)
  A neqoxec (Depths:2)
  A tyrant leech zombie (Crypt:2)
  A wind drake skeleton (Crypt:2)
  3 steam dragons
  A chaos spawn (Zot:1)
  2 vampire mosquitoes (D:13)
  5 wargs
  49 redbacks
  A glowing shapeshifter zombie (Depths:1)
  7 hell hounds
  2 hydra simulacra (IceCv)
  A fire bat skeleton (Crypt:2)
  A water moccasin (shapeshifter) (Vaults:5)
  4 floating eyes
  3 acid dragons
  Duvessa (D:4)
  20 water moccasins
  49 orc warriors
  2 glowing shapeshifter skeletons
  2 swamp drakes
  A small abomination (Depths:2)
  A swamp dragon zombie (Crypt:2)
  An ice beast (D:5)
  A sky beast (D:8)
  A snapping turtle zombie (Crypt:1)
  2 black bears
  4 ogres
  8 wolves
  4 centaurs
  3 kobold brigands
  9 bullfrogs
  2 gnoll sergeants (D:13)
  A scorpion (D:5)
  A rime drake skeleton (Crypt:1)
  12 earth elementals
  7 necrophages
  2 two-headed ogre simulacra (IceCv)
  8 wights
  Dowan (D:4)
  12 killer bees
  A shapeshifter skeleton (Crypt:3)
  9 howler monkeys
  A wolf zombie (Crypt:2)
  10 electric eels
  5 lava snakes (Lair:5)
  3 gnoll boudas
  20 orc priests
  A hound (D:5)
  2 iguanas
  24 orc wizards
  2 polar bear simulacra (IceCv)
  3 spriggan simulacra (IceCv)
  A troll simulacrum (IceCv)
  2 wolf simulacra (IceCv)
  An acid dragon skeleton (Crypt:3)
  A deep dwarf skeleton (Crypt:1)
  6 gnolls
  7 adders
  2 naga simulacra (IceCv)
  A shadow imp (D:5)
  4 white imps
  2 ufetubi (IceCv)
  2 worms
  2 dart slugs
  86 orcs
  10 ball pythons
  6 endoplasms
  3 giant cockroaches
  11 goblins
  7 hobgoblins
  20 kobolds
  A quokka (D:1)
  6 bats
  A rat (D:2)
  A river rat skeleton (Crypt:1)
  24 briar patches (Depths:3)
  A bush (Lair:4)
2344 creatures vanquished.

Vanquished Creatures (collateral kills)
  An orc warlord (Orc:2)
  A radroach (Spider:4)
  An orb spider (Spider:4)
  An orc knight (Orc:2)
  An orc warrior (Orc:2)
  An orc (Orc:2)
6 creatures vanquished.

Vanquished Creatures (others)
  A draconian scorcher (Zot:1)
  A draconian shifter (Zot:2)
  A yellow draconian (Zot:1)
  A red draconian (Zot:2)
  A purple draconian (Zot:2)
  A white draconian (Zot:2)
  A redback (Spider:3)
  2 ufetubi
  4 briar patches (Depths:3)
  24 demonic plants (Gauntlet)
  4 foxfires (Zig:6)
  80 fungi
  124 plants
245 creatures vanquished.

Grand Total: 2595 creatures vanquished

Notes
Turn   | Place    | Note
-------+----------+-------------------------------------------
     0 | D:1      | freelancePsychic the Draconian Ice Elementalist began the
                  | quest for the Orb.
     0 | D:1      | Reached XP level 1. HP: 14/14 MP: 3/3
    35 | D:1      | Found Ymorifigg's Antique Armour Shoppe.
   371 | D:1      | Reached XP level 2. HP: 22/22 MP: 3/5
   425 | D:1      | Found a faded altar of an unknown god.
   508 | D:1      | Reached skill level 1 in Fighting
  1114 | D:2      | Reached XP level 3. HP: 27/28 MP: 0/6
  1309 | D:2      | Learned a level 3 spell: Frozen Ramparts
  1411 | D:2      | Found Dityaf's Magic Scroll Boutique.
  1423 | D:2      | Bought a scroll of identify for 26 gold pieces
  1423 | D:2      | Bought a scroll of identify for 26 gold pieces
  2068 | D:3      | Found Uteg's Armour Shop.
  2138 | D:3      | Found a snail-covered altar of Cheibriados.
  2138 | D:3      | Found a bloodstained altar of Trog.
  2142 | D:3      | Became a worshipper of Cheibriados the Contemplative
  2302 | D:3      | Found Laihak's Magic Scroll Boutique.
  2414 | D:3      | Found Kuibaiqo's Book Shoppe.
  2856 | D:4      | Found a radiant altar of Vehumet.
  2856 | D:4      | Found a blossoming altar of Fedhas.
  3041 | D:4      | Reached XP level 4. HP: 35/36 MP: 3/7
  3192 | D:4      | Found an iron altar of Okawaru.
  3199 | D:4      | Noticed Duvessa
  3520 | D:4      | Found a staircase to the Ecumenical Temple.
  3703 | D:5      | Entered Level 5 of the Dungeon
  3703 | D:5      | Noticed a scorpion
  3715 | D:5      | Killed a scorpion
  3716 | D:5      | Reached XP level 5. HP: 42/42 MP: 1/8
  3965 | D:5      | Noticed an ice beast
  3976 | D:5      | Noticed a black bear
  3999 | D:5      | Killed a black bear
  4000 | D:5      | Reached skill level 2 in Dodging
  4000 | D:5      | Reached skill level 5 in Ice Magic
  4122 | D:5      | Reached XP level 6. HP: 43/51 MP: 5/9
  4376 | D:6      | Noticed a water moccasin
  4385 | D:6      | Killed a water moccasin
  4386 | D:6      | Reached skill level 3 in Dodging
  4410 | D:6      | Your scales start taking on a golden yellow colour.
  4410 | D:6      | Reached XP level 7. HP: 59/59 MP: 3/10
  4410 | D:6      | Gained mutation: You are resistant to acid. (rCorr) [Yellow
                  | Draconian growth]
  4634 | D:6      | Reached * piety under Cheibriados
  4818 | D:6      | Found a hide-covered altar of Uskayaw.
  5248 | D:7      | Reached skill level 5 in Fighting
  5310 | D:7      | Reached skill level 4 in Dodging
  5364 | D:7      | Found a broken altar of Ashenzari.
  5411 | D:7      | Noticed Joseph
  5593 | D:7      | Reached XP level 8. HP: 69/69 MP: 11/11
  6063 | D:5      | Noticed a kobold demonologist
  6073 | D:5      | Reached ** piety under Cheibriados
  6083 | D:5      | Killed a kobold demonologist
  6084 | D:5      | Reached skill level 5 in Dodging
  6552 | D:4      | Noticed Dowan
  6563 | D:4      | Killed Duvessa
  6567 | D:4      | Killed Dowan
  6880 | D:7      | Reached XP level 9. HP: 64/79 MP: 8/12
  6995 | D:7      | Found a shimmering blue altar of Sif Muna.
  7076 | D:7      | Killed Joseph
  7077 | D:7      | Reached skill level 6 in Dodging
  7598 | D:8      | Identified the +2 trident "Epucwouq" {venom, Will+ SInv}
  7657 | D:8      | Reached skill level 7 in Dodging
  7760 | D:8      | Reached XP level 10. HP: 75/90 MP: 13/13
  8107 | D:8      | Reached *** piety under Cheibriados
  8212 | D:8      | Noticed a guardian serpent
  8368 | D:8      | Noticed a boulder beetle
  8368 | D:8      | Noticed a two-headed ogre
  8379 | D:8      | Killed a two-headed ogre
  8396 | D:8      | Killed a boulder beetle
  8397 | D:8      | Reached skill level 8 in Dodging
  8397 | D:8      | Reached skill level 10 in Ice Magic
  8478 | D:8      | Noticed a two-headed ogre
  8483 | D:8      | Killed a two-headed ogre
  8484 | D:8      | Reached skill level 10 in Fighting
  8830 | D:9      | Found a flagged portal.
  8836 | Bailey   | Entered a bailey
  8857 | Bailey   | Noticed an orc warlord
  8957 | Bailey   | Reached **** piety under Cheibriados
  8976 | Bailey   | Noticed an orc knight
  8977 | Bailey   | Found a runed translucent gate.
  8977 | Bailey   | Found a runed translucent gate.
  8977 | Bailey   | Found a runed translucent gate.
  8991 | Bailey   | Killed an orc knight
  9165 | Bailey   | Reached XP level 11. HP: 101/101 MP: 14/14
  9461 | Bailey   | Killed an orc warlord
  9499 | Bailey   | Learned a level 3 spell: Ozocubu's Armour
  9537 | D:9      | Identified the +2 buckler "Awkoplio" {+Blink Int+5 Dex-5}
  9545 | D:9      | Reached skill level 1 in Axes
  9605 | D:9      | Reached skill level 1 in Shields
  9861 | D:9      | Found a glowing silver altar of Zin.
 10292 | D:9      | Acquired 633 gold pieces
 10426 | D:1      | Bought a pair of embroidered boots for 187 gold pieces
 10482 | D:3      | Bought the Unrestrained Analects for 484 gold pieces
 10647 | D:10     | Entered Level 10 of the Dungeon
 10659 | D:10     | Reached ***** piety under Cheibriados
 11561 | D:10     | Found a basalt altar of Yredelemnul.
 11684 | D:11     | Noticed an eight-headed hydra
 11714 | D:11     | Noticed a two-headed ogre
 11721 | D:11     | Killed a two-headed ogre
 11762 | D:11     | Noticed a centaur warrior
 11770 | D:11     | Found a frozen archway.
 11779 | D:11     | Killed a centaur warrior
 11941 | IceCv    | Entered an ice cave
 14016 | D:11     | You are sucked into a shaft and drop 3 floors!
 14161 | D:14     | Noticed a seven-headed hydra
 14334 | D:14     | Reached XP level 12. HP: 91/112 MP: 16/16
 14396 | D:14     | Noticed a two-headed ogre
 14404 | D:14     | Killed a two-headed ogre
 14405 | D:14     | Reached skill level 1 in Invocations
 14420 | D:14     | Noticed a boulder beetle
 14442 | D:14     | Killed a boulder beetle
 14513 | D:14     | Reached skill level 5 in Shields
 14547 | D:14     | Killed a five-headed hydra
 14673 | D:14     | Noticed a four-headed hydra
 14876 | D:13     | Noticed a centaur warrior
 14891 | D:13     | Noticed a two-headed ogre
 14897 | D:13     | Killed a two-headed ogre
 15053 | D:11     | Found a staircase to the Lair.
 15081 | D:11     | Learned a level 7 spell: Ozocubu's Refrigeration
 15127 | D:11     | Reached skill level 9 in Dodging
 15139 | D:11     | Reached ****** piety under Cheibriados
 15357 | D:11     | Found a staircase to the Orcish Mines.
 15542 | D:11     | Killed a seven-headed hydra
 15663 | D:11     | Reached skill level 5 in Invocations
 15935 | Lair:1   | Entered Level 1 of the Lair of Beasts
 16763 | Lair:2   | Reached XP level 13. HP: 118/118 MP: 18/18
 17082 | Lair:2   | Found a staircase to the Shoals.
 17188 | Lair:2   | Found a hole to the Spider Nest.
 17562 | Lair:2   | Found the +8 whip "Snakebite" {venom, curare, rPois}
 17641 | Lair:2   | Found a runed translucent door.
 17641 | Lair:2   | Noticed jimonade's ghost (journeyman DjHW)
 17965 | Lair:3   | Reached skill level 10 in Dodging
 18199 | Lair:3   | Reached skill level 15 in Ice Magic
 18318 | Lair:2   | Killed jimonade's ghost
 18358 | Lair:2   | Identified the +0 hat of Vyucudaf {rPois}
 18491 | Lair:3   | Reached skill level 5 in Spellcasting
 19616 | Lair:4   | Reached skill level 11 in Dodging
 19770 | Lair:4   | Gained mutation: You have acidic saliva. [Yellow Draconian
                  | growth]
 19770 | Lair:4   | Reached XP level 14. HP: 127/127 MP: 22/22
 20025 | Lair:5   | Entered Level 5 of the Lair of Beasts
 20273 | Lair:5   | Found a staircase to the Slime Pits.
 20319 | Lair:5   | Found a viscous altar of Jiyva.
 20642 | Lair:5   | Found a large runed translucent door.
 20643 | Lair:5   | Found a large runed translucent door.
 20915 | Lair:5   | Reached skill level 5 in Axes
 21860 | Orc:1    | Entered Level 1 of the Orcish Mines
 21884 | Orc:1    | Noticed an orc warlord
 21890 | D:11     | Acquired the +1 hat of Experimentation {rC+ Will+ Dex+2}
 21992 | D:11     | Killed an orc warlord
 22221 | Orc:1    | Found Moecamo's Armour Emporium.
 22447 | Orc:2    | Entered Level 2 of the Orcish Mines
 22447 | Orc:2    | Noticed an orc warlord
 22457 | Orc:2    | Killed an orc warlord
 22479 | Orc:2    | Gained mutation: You are partially covered in large bone
                  | plates. (SH +4) [a neqoxec]
 22487 | Orc:2    | Found Zycloin's Antique Armour Shop.
 22518 | Orc:2    | Found Puhinang's General Store.
 22544 | Orc:2    | Bought 2 curare-tipped darts for 36 gold pieces
 22567 | Orc:2    | Noticed an orc warlord
 22583 | Orc:2    | Killed an orc warlord
 22584 | Orc:2    | Reached skill level 12 in Dodging
 22590 | Orc:2    | Found Cosaiv's Jewellery Shoppe.
 22602 | Orc:2    | Found a gate leading to a gauntlet.
 22617 | Orc:2    | Bought the ring "Faroaf" {Will+ Str+4 Int+6} for 741 gold
                  | pieces
 22627 | Gauntlet | Entered a Gauntlet
 22627 | Gauntlet | Found a transporter.
 22627 | Gauntlet | Found a transporter.
 22639 | Gauntlet | Found a transporter.
 22639 | Gauntlet | Found a transporter.
 22639 | Gauntlet | Found a transporter.
 22641 | Gauntlet | Found a transporter.
 22651 | Gauntlet | Found a transporter.
 22653 | Gauntlet | Found a transporter.
 22663 | Gauntlet | Found a transporter.
 22769 | Gauntlet | Found a transporter.
 22771 | Gauntlet | Found a transporter.
 22779 | Gauntlet | Found a transporter.
 22838 | Gauntlet | Reached XP level 15. HP: 127/136 MP: 26/26
 22954 | Gauntlet | Got the Directory of the Decaying Union
 23035 | Gauntlet | Learned a level 5 spell: Freezing Cloud
 23122 | Orc:2    | Noticed hikkokomori's ghost (journeyman VSFi)
 23123 | Orc:2    | Found a transporter.
 23123 | Orc:2    | Found a transporter.
 23126 | Orc:2    | Identified the +8 giant spiked club of Doom {flame, rN+
                  | Int+5}
 23126 | Orc:2    | Identified the +1 dire flail of the Owl {heavy, rElec rC+
                  | rCorr Str-2}
 23243 | Orc:2    | Found Saenuecw's Antique Weapon Boutique.
 23251 | Orc:2    | Reached skill level 1 in Conjurations
 23251 | Orc:2    | Reached skill level 1 in Air Magic
 23392 | Orc:2    | Found a staircase to the Elven Halls.
 23788 | D:3      | Bought a +0 kite shield of resistance for 441 gold pieces
 24014 | Spider:1 | Entered Level 1 of the Spider Nest
 24270 | Spider:1 | Noticed Louise
 24401 | Spider:1 | Killed Louise
 24822 | Spider:1 | Noticed Josephine
 24871 | Spider:1 | Killed Josephine
 25182 | Spider:1 | Noticed Mlioglotl
 25273 | Spider:1 | Noticed an emperor scorpion
 25361 | Shoals:1 | Entered Level 1 of the Shoals
 25688 | Shoals:1 | Noticed Jorgrun
 25725 | Shoals:1 | Identified Roxanne's Precepts of Moulding
 25725 | Shoals:1 | Noticed Roxanne
 26804 | Shoals:3 | Reached XP level 16. HP: 147/147 MP: 17/29
 26809 | Shoals:3 | Reached skill level 15 in Fighting
 26912 | Shoals:3 | Noticed Mara
 26914 | Shoals:3 | Noticed freelancePsychic's illusion
 26934 | Shoals:3 | Killed Mara
 27360 | Shoals:3 | Reached skill level 10 in Spellcasting
 27900 | Shoals:4 | Entered Level 4 of the Shoals
 27956 | Shoals:4 | Noticed Ilsuiw
 27962 | Shoals:4 | Killed Ilsuiw
 27963 | Shoals:4 | Reached skill level 10 in Shields
 30399 | Spider:3 | Reached skill level 10 in Axes
 30418 | Spider:3 | Identified the +5 falchion "Loac" {heavy, *Slow rElec rF+
                  | Str+2}
 30709 | Spider:4 | Entered Level 4 of the Spider Nest
 30711 | Spider:4 | Identified the +4 kite shield "Tezed" {Int+5}
 30711 | Spider:4 | Noticed Asterion
 30815 | Spider:4 | Killed Asterion
 30886 | Spider:4 | Reached XP level 17. HP: 156/156 MP: 31/31
 31165 | Spider:4 | Found a runed translucent gate.
 31165 | Spider:4 | Noticed hikkokomori's ghost (adept KoBr)
 31166 | Spider:4 | Found a runed translucent gate.
 31166 | Spider:4 | Found a runed translucent gate.
 31631 | Spider:4 | Reached skill level 13 in Dodging
 31973 | Spider:4 | Paralysed by a jorogumo for 1 turns
 33172 | Spider:4 | Got a gossamer rune of Zot
 33486 | Elf:1    | Entered Level 1 of the Elven Halls
 33834 | Elf:1    | Got the Compilation of Arcane Combat
 34285 | Elf:1    | Got the Guide on the Shot and Accompaniment
 34653 | Elf:2    | Reached skill level 10 in Invocations
 34944 | Elf:2    | Reached XP level 18. HP: 163/163 MP: 32/32
 35149 | Elf:2    | Found a runed translucent gate.
 35158 | Elf:2    | Found a runed translucent gate.
 35158 | Elf:2    | Found a runed translucent gate.
 35279 | Elf:3    | Entered Level 3 of the Elven Halls
 35341 | Elf:3    | Reached skill level 14 in Dodging
 35488 | Elf:3    | Identified the ring "Giblaedi" {rF+ Will+}
 35596 | Elf:3    | Identified the +1 rapier of Unpleasantness {freeze, Str+4
                  | Int+4 Dex+3 Stlth-}
 35660 | Elf:3    | Got the Discourse on the Stinger and the Flock
 35881 | Elf:3    | Identified the ring of Polytheism {EV+5 Str+2 Dex+2 Stlth+}
 35886 | Elf:3    | Identified the +1 quick blade "Mabro" {antimagic, rElec}
 35969 | Elf:3    | Paralysed by an air elemental for 1 turns
 36570 | Elf:3    | Found Sanotetu's Assorted Antiques.
 36662 | Elf:3    | Bought a potion of heal wounds for 200 gold pieces
 36662 | Elf:3    | Bought a scroll of teleportation for 120 gold pieces
 37562 | Shoals:4 | Reached skill level 15 in Axes
 38115 | Shoals:4 | Identified the amulet of Diregg {RegenMP +Blink rN+++
                  | Dex-5}
 38406 | Shoals:4 | Got a barnacled rune of Zot
 38843 | Shoals:4 | Identified the +3 flail "Sanafal" {flame, rElec rN+ Stlth+}
 38895 | Shoals:4 | Reached skill level 15 in Dodging
 40728 | D:13     | Found a gate to the Vaults.
 41133 | D:14     | Reached XP level 19. HP: 170/170 MP: 33/33
 41519 | D:15     | Entered Level 15 of the Dungeon
 42085 | D:15     | Found a staircase to the Depths.
 42398 | D:15     | Got Jeafaep's Octavo of Misty Exhumation
 42817 | Orc:2    | Bought the ring "Systrudiz" {rElec Int+6} for 650 gold
                  | pieces
 42972 | Vaults:1 | Entered Level 1 of the Vaults
 45251 | Vaults:2 | Reached XP level 20. HP: 181/184 MP: 34/34
 45624 | Vaults:2 | Noticed a golden dragon
 45628 | Vaults:2 | Killed a golden dragon
 46372 | Vaults:3 | You are sucked into a shaft and drop 1 floor!
 46600 | Vaults:4 | Found Biuskeq's Jewellery Shoppe.
 46602 | Vaults:4 | Noticed Saint Roka
 46609 | Vaults:4 | Killed Saint Roka
 46872 | Vaults:4 | Noticed Zenata
 47613 | Vaults:3 | Found a staircase to the Crypt.
 47672 | Vaults:3 | Reached skill level 5 in Stealth
 47741 | Vaults:3 | Found Hakhlodgh's Weapon Shop.
 47766 | Vaults:3 | Reached XP level 21. HP: 195/195 MP: 35/35
 47967 | Vaults:4 | Killed Zenata
 48158 | Vaults:4 | Noticed Frederick
 48160 | Vaults:4 | Noticed a dread lich
 48480 | Depths:1 | Entered Level 1 of the Depths
 48657 | Depths:1 | Found a one-way gateway to a ziggurat.
 48812 | Depths:1 | Found a gateway to Hell.
 48982 | Depths:1 | Found a sparkling altar of Nemelex Xobeh.
 49022 | Depths:1 | Found a shadowy altar of Dithmenos.
 49186 | Depths:1 | Reached skill level 15 in Shields
 49294 | Depths:1 | Found an opulent altar of Gozag.
 50150 | Depths:2 | Found a one-way gate to the infinite horrors of the Abyss.
 50451 | Depths:2 | Found Ehirai's Jewellery Emporium.
 50452 | Depths:2 | Found Ruxujiwn's Book Shop.
 50453 | Depths:2 | Found Elaohoc's Jewellery Emporium.
 50570 | Depths:2 | Found a one-way gate leading to the halls of Pandemonium.
 51291 | Depths:3 | Reached skill level 16 in Dodging
 51557 | Depths:3 | Reached XP level 22. HP: 182/206 MP: 36/36
 51569 | Depths:3 | Noticed a caustic shrike
 51720 | Depths:3 | Killed a caustic shrike
 52415 | Depths:3 | Found a radiant altar of Vehumet.
 52420 | Depths:3 | Noticed the Enchantress
 52427 | Depths:3 | Killed the Enchantress
 52610 | Depths:3 | Identified the +5 flail of the Enemy {holy, rN+ Will+}
 52611 | Depths:3 | Identified the +1 glaive of the Dark Horse {vamp, *Corrode
                  | rElec rF+ rC++}
 52810 | Depths:4 | Entered Level 4 of the Depths
 52944 | Depths:4 | Found a white marble altar of Elyvilon.
 52973 | Depths:4 | Reached skill level 17 in Dodging
 53133 | Depths:4 | Noticed a golden dragon
 53139 | Depths:4 | Killed a golden dragon
 53285 | Depths:4 | Found a gate to the Realm of Zot.
 53448 | Depths:4 | Found a corrupted altar of Lugonu.
 53554 | Depths:4 | Noticed a caustic shrike
 53606 | Depths:4 | Noticed a caustic shrike
 53606 | Depths:4 | Noticed a caustic shrike
 53610 | Depths:4 | Killed a caustic shrike
 53610 | Depths:4 | Killed a caustic shrike
 53611 | Depths:4 | Killed a caustic shrike
 53968 | Depths:4 | Noticed a juggernaut
 53984 | Depths:4 | Killed a juggernaut
 53985 | Depths:4 | Reached skill level 18 in Dodging
 54555 | Slime:1  | Entered Level 1 of the Pits of Slime
 54887 | Slime:1  | Paralysed by a great orb of eyes for 2 turns
 55435 | Slime:5  | Entered Level 5 of the Pits of Slime
 56347 | Slime:5  | Gained mutation: You are vulnerable to heat. (rF-) [a
                  | shining eye]
 56437 | Slime:5  | Noticed the Royal Jelly
 56698 | Slime:5  | Killed the Royal Jelly
 56887 | Slime:5  | Reached XP level 23. HP: 215/215 MP: 15/37
 57071 | Slime:5  | Identified the +1 flail of Cocsel {venom, rN+}
 57076 | Slime:5  | Identified the ring "Atiga" {rF+ Int+3}
 57138 | Slime:5  | Got a slimy rune of Zot
 57204 | Slime:5  | Reached skill level 19 in Dodging
 57666 | D:11     | Lost mutation: You are partially covered in large bone
                  | plates. (SH +4) [potion of mutation]
 57666 | D:11     | Lost mutation: You are vulnerable to heat. (rF-) [potion of
                  | mutation]
 57666 | D:11     | Gained mutation: You have hidden genetic defects. [potion
                  | of mutation]
 57666 | D:11     | Gained mutation: You have a pair of small horns on your
                  | head. [potion of mutation]
 57667 | D:11     | Lost mutation: You have hidden genetic defects. [potion of
                  | mutation]
 57667 | D:11     | Lost mutation: You have a pair of small horns on your head.
                  | [potion of mutation]
 57667 | D:11     | Gained mutation: You occasionally lose the ability to read
                  | scrolls when taking damage. [potion of mutation]
 57668 | D:11     | Lost mutation: You occasionally lose the ability to read
                  | scrolls when taking damage. [potion of mutation]
 57668 | D:11     | Gained mutation: You occasionally lose the ability to drink
                  | potions when taking damage. [potion of mutation]
 57668 | D:11     | Gained mutation: You are frail. (-10% HP) [potion of
                  | mutation]
 57669 | D:11     | Lost mutation: You occasionally lose the ability to drink
                  | potions when taking damage. [potion of mutation]
 57669 | D:11     | Lost mutation: You are frail. (-10% HP) [potion of
                  | mutation]
 57669 | D:11     | Gained mutation: You are strong-willed. (Will+) [potion of
                  | mutation]
 57810 | Zig:1    | Entered Level 1 of a ziggurat
 57880 | Zig:2    | Entered Level 2 of a ziggurat
 57881 | Zig:2    | Noticed Pethoty the pandemonium lord
 57899 | Zig:2    | Killed Pethoty the pandemonium lord
 57970 | Zig:2    | Got the Discourse on the Cunning Singularity
 57973 | Zig:3    | Entered Level 3 of a ziggurat
 58123 | Zig:3    | Acquired the +2 pair of boots of the Stone Wall {Int+4}
 58145 | Zig:4    | Entered Level 4 of a ziggurat
 58296 | Zig:4    | Identified the +7 arbalest of the Swamp {antimagic, Int+4}
 58303 | Zig:5    | Entered Level 5 of a ziggurat
 58367 | Zig:5    | Found the dreamshard necklace {*Dream Drain}
 58401 | Zig:6    | Entered Level 6 of a ziggurat
 58558 | Zig:6    | Identified the ring "Cosh" {Ice SInv}
 58562 | Zig:6    | Identified the +5 short sword "Faerex" {elec, Fly Str+2
                  | Dex+3}
 58582 | Zig:7    | Entered Level 7 of a ziggurat
 58761 | Zig:7    | Identified the +15 plate armour "Dakob" {Harm Stlth+}
 58765 | Zig:7    | Identified the +9 arbalest of Distant Worlds {antimagic,
                  | rCorr Int+4 Dex+3}
 58766 | Zig:7    | Identified the +5 triple crossbow of a Labyrinth {freeze,
                  | rF+ rCorr Dex+3}
 58775 | Zig:8    | Entered Level 8 of a ziggurat
 58787 | Zig:8    | Reached skill level 20 in Dodging
 58903 | Zig:8    | Reached XP level 24. HP: 209/209 MP: 37/37
 58928 | Zig:8    | Identified the +0 helmet of the Crypt {rElec rC+ Regen+
                  | Dex+3}
 58932 | Zig:9    | Entered Level 9 of a ziggurat
 58946 | Zig:9    | Noticed a shard shrike
 59715 | Vaults:4 | Killed Frederick
 59790 | Vaults:4 | Killed a dread lich
 60021 | Vaults:4 | Identified the +1 whip "Roamupt" {freeze, rC++ rN+}
 60199 | Vaults:4 | Noticed Mennas
 60213 | Vaults:4 | Killed Mennas
 61238 | Vaults:4 | Reached skill level 1 in Maces & Flails
 61608 | Crypt:1  | Entered Level 1 of the Crypt
 62250 | Crypt:1  | Found a shadowy altar of Dithmenos.
 63129 | Crypt:2  | Identified the +5 ring mail of the Lotus Blossom {Int+4}
 63679 | Crypt:1  | Found an ancient bone altar of Kikubaaqudgha.
 63731 | Crypt:3  | Entered Level 3 of the Crypt
 64298 | Crypt:3  | Noticed Grunn
 64403 | Crypt:3  | Reached XP level 25. HP: 76/234 MP: 39/39
 64816 | Crypt:3  | Noticed Xtahua
 64841 | Crypt:3  | Killed Xtahua
 64842 | Crypt:3  | Reached skill level 21 in Dodging
 64990 | Crypt:3  | Found a staircase to the Tomb.
 65269 | Crypt:3  | Noticed Vv
 65295 | Crypt:3  | Killed Vv
 65309 | Crypt:3  | Killed Grunn
 65736 | Crypt:3  | Got the Precepts of Sciomancy
 66047 | Crypt:3  | Found the +5 Lochaber axe {reach-cleave, Poleaxe Drain}
 66082 | Crypt:3  | Learned a level 3 spell: Vhi's Electric Charge
 66088 | Crypt:3  | Learned a level 5 spell: Irradiate
 66095 | Crypt:3  | Learned a level 6 spell: Dispersal
 66100 | Crypt:3  | Learned a level 4 spell: Passage of Golubria
 66295 | Vaults:5 | Entered Level 5 of the Vaults
 66301 | Vaults:5 | Reached skill level 1 in Translocations
 66687 | Vaults:5 | Reached skill level 1 in Transmutations
 66728 | Vaults:5 | Reached skill level 5 in Translocations
 66734 | Vaults:5 | Identified the +1 pair of gloves of Tenacity {Str+6 Slay+2}
 66795 | Vaults:5 | Noticed an ancient lich
 66866 | Vaults:5 | Killed an ancient lich
 67119 | Vaults:5 | Noticed Margery
 67137 | Vaults:5 | Killed Margery
 67382 | Vaults:5 | Reached skill level 5 in Conjurations
 67535 | Vaults:5 | Noticed Jory
 67553 | Vaults:5 | Killed Jory
 67554 | Vaults:5 | Reached skill level 5 in Transmutations
 67580 | Vaults:5 | Identified the +4 sling "Layntug" {drain, *Corrode rN+
                  | Dex+5}
 67750 | Vaults:5 | Got Yklupt's Incunable of Translocated Interference
 67848 | Vaults:5 | Noticed an ancient lich
 67853 | Vaults:5 | Killed an ancient lich
 67908 | Vaults:5 | Noticed an ancient lich
 67917 | Vaults:5 | Killed an ancient lich
 67926 | Vaults:5 | Noticed a dread lich
 67944 | Vaults:5 | Killed a dread lich
 68324 | Vaults:5 | Reached XP level 26. HP: 246/246 MP: 39/39
 68552 | Vaults:5 | Got a silver rune of Zot
 69378 | Zot:1    | Entered Level 1 of the Realm of Zot
 69801 | Orc:2    | Bought a potion of resistance for 150 gold pieces
 70026 | D:3      | Bought a scroll of blinking for 105 gold pieces
 70026 | D:3      | Bought a scroll of fear for 56 gold pieces
 70026 | D:3      | Bought a scroll of immolation for 56 gold pieces
 70026 | D:3      | Bought a scroll of fear for 56 gold pieces
 70026 | D:3      | Bought a scroll of fear for 56 gold pieces
 70052 | D:2      | Bought a scroll of blinking for 97 gold pieces
 70532 | Zot:1    | Reached skill level 10 in Translocations
 70889 | Zot:1    | Reached skill level 22 in Dodging
 72951 | Zot:4    | Found a transporter.
 72952 | Zot:4    | Found a transporter.
 72952 | Zot:4    | Noticed Wefy's ghost (legendary GnIE)
 72954 | Zot:4    | Noticed an orb of fire
 73830 | Zot:4    | Noticed an orb of fire
 73856 | Zot:5    | Entered Level 5 of the Realm of Zot
 74452 | Zot:5    | Reached skill level 23 in Dodging
 74734 | Zot:5    | Noticed a dread lich
 74735 | Zot:5    | Noticed an ancient lich
 74757 | Zot:5    | Killed a dread lich
 74765 | Zot:5    | Killed an ancient lich
 74768 | Zot:5    | Noticed an orb of fire
 74773 | Zot:5    | Noticed an orb of fire
 74776 | Zot:5    | Killed an orb of fire
 74778 | Zot:5    | Gained mutation: Your body sometimes deteriorates upon
                  | taking damage. [an orb of fire]
 74779 | Zot:5    | Gained mutation: Your muscles are strong. (Str +4, Int/Dex
                  | -1) [an orb of fire]
 74780 | Zot:5    | Gained mutation: You occasionally shout uncontrollably at
                  | your foes. [an orb of fire]
 74788 | Zot:5    | Killed an orb of fire
 74826 | Zot:5    | Noticed an orb of fire
 74832 | Zot:5    | Gained mutation: Your body often deteriorates upon taking
                  | damage. [an orb of fire]
 74835 | Zot:5    | Gained mutation: Your spells are a little harder to cast,
                  | but a little more powerful. [an orb of fire]
 74844 | Zot:5    | Gained mutation: You sometimes lose your temper in combat.
                  | [an orb of fire]
 74848 | Zot:5    | Killed an orb of fire
 74993 | Zot:5    | Lost mutation: Your muscles are strong. (Str +4, Int/Dex
                  | -1) [potion of mutation]
 74993 | Zot:5    | Lost mutation: Your spells are a little harder to cast, but
                  | a little more powerful. [potion of mutation]
 74993 | Zot:5    | Lost mutation: You are strong-willed. (Will+) [potion of
                  | mutation]
 74993 | Zot:5    | Gained mutation: Your natural rate of healing is unusually
                  | fast. [potion of mutation]
 74993 | Zot:5    | Gained mutation: You have an uncontrollable temper. [potion
                  | of mutation]
 74993 | Zot:5    | Lost mutation: Your body often deteriorates upon taking
                  | damage. [potion of mutation]
 74994 | Zot:5    | Lost mutation: Your natural rate of healing is unusually
                  | fast. [potion of mutation]
 74994 | Zot:5    | Lost mutation: Your body sometimes deteriorates upon taking
                  | damage. [potion of mutation]
 74994 | Zot:5    | Gained mutation: You occasionally lose the ability to read
                  | scrolls when taking damage. [potion of mutation]
 74994 | Zot:5    | Gained mutation: You are agile. (Dex +4, Str/Int -1)
                  | [potion of mutation]
 74994 | Zot:5    | Gained mutation: You have large cloven feet. [potion of
                  | mutation]
 74995 | Zot:5    | Lost mutation: You have large cloven feet. [potion of
                  | mutation]
 74995 | Zot:5    | Lost mutation: You occasionally shout uncontrollably at
                  | your foes. [potion of mutation]
 74995 | Zot:5    | Gained mutation: You have hidden genetic potential. [potion
                  | of mutation]
 74995 | Zot:5    | Gained mutation: Your mind is acute. (Int +4, Str/Dex -1)
                  | [potion of mutation]
 74995 | Zot:5    | Gained mutation: You are weak. (Str -2) [potion of
                  | mutation]
 75001 | Zot:5    | Reached skill level 24 in Dodging
 75009 | Zot:5    | Lost mutation: You occasionally lose the ability to read
                  | scrolls when taking damage. [potion of mutation]
 75009 | Zot:5    | Lost mutation: You are weak. (Str -2) [potion of mutation]
 75009 | Zot:5    | Gained mutation: You are strong-willed. (Will+) [potion of
                  | mutation]
 75009 | Zot:5    | Gained mutation: You are resistant to electric shocks.
                  | (rElec) [potion of mutation]
 75009 | Zot:5    | Gained mutation: Your spells are a little harder to cast,
                  | but a little more powerful. [potion of mutation]
 75062 | Zot:5    | Lost mutation: You are strong-willed. (Will+) [potion of
                  | mutation]
 75062 | Zot:5    | Lost mutation: You have an uncontrollable temper. [potion
                  | of mutation]
 75062 | Zot:5    | Lost mutation: You sometimes lose your temper in combat.
                  | [potion of mutation]
 75062 | Zot:5    | Gained mutation: You occasionally lose the ability to drink
                  | potions when taking damage. [potion of mutation]
 75062 | Zot:5    | Gained mutation: You have a pair of small horns on your
                  | head. [potion of mutation]
 75376 | Zot:5    | Reached XP level 27. HP: 254/254 MP: 26/39
 75623 | Zot:5    | Got the Orb of Zot
 76037 | Depths:2 | Noticed Duoshrosi the pandemonium lord
 76043 | Depths:2 | Killed Duoshrosi the pandemonium lord
 76091 | D:15     | Noticed Sunkej the pandemonium lord
 76131 | D:14     | Noticed a seraph
 76151 | D:14     | Killed a seraph
 76152 | D:14     | Reached skill level 25 in Dodging
 76491 | D:$      | Escaped with the Orb!

Illustrated notes

Levels and vault maps discovered:
D:1:      tarquinn_simple_flora_water_e, layout_loops_ring, serial_shops,
          nicolae_shop_competitors_out_of_business,
          chequers_ecumenical_altar_lobes
D:2:      layout_loops_corners, serial_shops, shop
D:3:      layout_basic, gammafunk_temple_overflow_wave, serial_shops, shop,
          shop, shop_statue, nicolae_kite_square_tiling_tiny
D:4:      layout_basic, okawaru_metal_pillars_1_2,
          nicolae_overflow_two_pavilions, minmay_temple_entry_proselytizer,
          uniq_duvessa
D:5:      layout_loops_ring
D:6:      layout_rooms, lemuel_coloured_pillars_altar,
          kennysheep_generic_room_14
D:7:      layout_loops_ring, mainiacjoe_overflow_cross_hatched,
          nicolae_ashenzari_skybound, minmay_misc_feat_square, kennysheep_boxes,
          uniq_joseph
D:8:      nzn_winding_woodlands_small [nzn_winding_woodlands_5x15_crooked,
          nzn_winding_woodlands_center_lodge,
          nzn_winding_woodlands_5x15_longhouse], layout_basic
D:9:      layout_layer_cave, zin_statuary, enter_bailey_3, serial_rivers,
          chequers_serial_rivers_small_3, chequers_serial_rivers_micro_d,
          chequers_serial_rivers_room_a, chequers_serial_rivers_small_a
D:10:     layout_basic, mainiacjoe_overflow_paths
D:11:     layout_irregular_city, erik_lair_orcish_takeover, erik_orc_1,
          portal_ice_cave_rime
D:12:     layout_basic
D:13:     layout_irregular_city, david_vaults_5
D:14:     layout_stronghold, dreamdust_princess_corridor, onia_ninara_cookie
D:15:     hangedman_depths_entry_try_elsewhere_first, layout_long_grid,
          nicolae_twisting_strands, minmay_joined_circles
Lair:1:   layout_chaotic_city, infiniplex_staircase_pool, lemuel_fruit_tree
Lair:2:   minmay_guarded_unrand_snakebite, layout_loops_ring,
          elwin_shoals_entry_rocks, nicolae_spider_entry_orb_guardian,
          gammafunk_ghost_grave, wad_woods_03, serial_bayou_shore_a
Lair:3:   layout_chaotic_city
Lair:4:   layout_loops_ring
Lair:5:   cheibrodos_lair_end_hotspot, layout_regular_city,
          minmay_slime_entry_oklob_open, infiniplex_staircase_pool_2
Shoals:1: layout_shoals, uniq_jorgrun, uniq_roxanne, uniq_nikola
Shoals:2: layout_shoals, st_sunken_huts
Shoals:3: layout_shoals, uniq_mara
Shoals:4: shoals_end_grunt_ice, layout_shoals, shoals_ilsuiw_ice
Spider:1: layout_spider_delve, nicolae_spider_nooks_and_crannies, uniq_louise,
          uniq_josephine, uniq_mlioglotl
Spider:2: layout_chambers, nicolae_spider_cling_halls
Spider:3: layout_spider_delve, nicolae_spider_scorpion_nest
Spider:4: floodkiller_spider_rune_tomb, ebering_ghost_rock_garden,
          nicolae_spider_circle_web, uniq_asterion
Slime:1:  layout_caves
Slime:2:  cheibrodos_slime_lost_civilization_2, layout_caves
Slime:3:  layout_caves
Slime:4:  layout_caves
Slime:5
Orc:1:    layout_caves, serial_shops,
          nicolae_shop_temple_entry_statues_fountains
Orc:2:    grunt_orc_gardens, layout_caves, grunt_orc_garden, grunt_orc_garden,
          grunt_orc_garden, grunt_orc_garden, gauntlet_entry_generic,
          gammafunk_ghost_smash, nicolae_orc_crystal_geode
Elf:1:    elf_arrival_001, layout_loops_cross, minmay_elf_sorcery,
          minmay_elf_annihilation
Elf:2:    elven_hall_of_blades_hangedman_original [nicolae_blade_tridents],
          layout_rooms, uniq_aizul
Elf:3:    elf_hall_gauntlet_narrow, layout_loops_corners, serial_shops,
          nicolae_shop_temple_entry_statues_fountains
Vaults:1: nicolae_vaults_big_angled_halls, ontoclasm_vaults_ring_small,
          ontoclasm_vaults_twist, nicolae_vaults_shelves_hall,
          nicolae_vaults_border_crossing, nicolae_vaults_angled_halls,
          v_alt_pattern_5, hangedman_vaults_corner_blocks, st_squares,
          vaults_mumra_hex, nicolae_vaults_what_the_h, vaults_room_corners,
          vaults_room_grunt_arrival_ludios, layout_vaults_omnicross
Vaults:2: nicolae_vaults_murderbox, nicolae_vaults_theta,
          ontoclasm_vaults_tryst, nicolae_vaults_ring_of_whatevers,
          hangedman_vaults_stretched_pinwheel, nicolae_vaults_little_squares_6,
          hangedman_vaults_slice, ontoclasm_vaults_gateway, vaults_room_pools,
          nicolae_vaults_gold_heap, layout_vaults_big_room, serial_shops,
          serial_glass
Vaults:3: hangedman_vaults_stitches, minmay_crypt_entry_simple_statues,
          hangedman_vaults_restitches, ontoclasm_vaults_ligature,
          nicolae_vaults_specimen_jars, hangedman_vaults_stretched_pinwheel,
          v_pattern_4, vaults_dpeg_hooks, ontoclasm_vaults_fault,
          grunt_vaults_hallway_short, st_lines, ontoclasm_vaults_shuriken,
          layout_vaults_ring, serial_shops, nicolae_shop_trees
Vaults:4: nicolae_vaults_good_morning_starshine,
          nicolae_vaults_stairing_the_circle, nicolae_vaults_little_squares_1,
          nicolae_vaults_big_angled_halls, ontoclasm_vaults_pinch, v_misc_23,
          vaults_room_pools, hangedman_vaults_snaps, ontoclasm_vaults_chip,
          hangedman_vaults_slice, vaults_room_corners, layout_vaults_omnibox,
          serial_shops, shop_fountains, uniq_saint_roka, uniq_mennas,
          uniq_zenata, uniq_frederick
Vaults:5: uniq_margery, uniq_jory
Crypt:1:  layout_basic, nicolae_crypt_little_mausoleum, lemuel_upstairs_altar,
          grunt_crypt_arrival_split
Crypt:2:  layout_rooms, roderic_lattice_octagonal_star
Crypt:3:  due_elkab, layout_chaotic_city, uniq_grunn, uniq_vv, uniq_xtahua
Depths:1: layout_basic, enter_ziggurat_c, kennysheep_decorative_pillar,
          lightli_too_deep, hangedman_feature_mirror, st_stairs_6,
          dreamdust_wishing_well, chequers_serial_rivers_small_b,
          grunt_ministairs_12, nicolae_dithmenos_shadow_blocks
Depths:2: grunt_deathspiral_large, layout_gridlike, hangedman_geh_valley,
          abyss_entry, hangedman_abyss_or_decor_slice, grunt_pan_entry_sceptre,
          minmay_shop_grove
Depths:3: grunt_forest_end_shrine, layout_gridville, hell_entry, abyss_entry,
          hangedman_cracks_in_the_wall, minmay_staircase_statues_hall_large,
          serial_bayou_shore_b
Depths:4: evilmike_zot_entry_hall, layout_gridville, hell_entry,
          abyss_entry_flame_altar, nicolae_elyvilon_temple_path, hex_medium,
          chequers_big_river, uniq_josephina
Zot:1:    layout_basic, grunt_ministairs_15
Zot:2:    layout_twisted_circle
Zot:3:    nicolae_zot_stationary_front, layout_gridlike, grunt_ministairs_6,
          nicolae_transmutations_shop
Zot:4:    lemuel_firehouse, layout_cathedral_of_symmetry, gammafunk_ghost_arena
Zot:5:    layout_twisted_circle

Skill      XL: |  1  2  3  4  5  6  7  8  9 10 11 12 13 14 15 16 17 18 19 20 21 22 23 24 25 26 27 |
---------------+----------------------------------------------------------------------------------+-----
Stealth        | 2 3 4 5 8 |  8.0
Fighting       | 1 2 3 4 5 7 8 10 11 12 13 14 15 17 18 19 20 21 22 | 22.0
Dodging        | 2 3 4 5 7 8 9 11 12 13 15 16 18 20 21 24 25 | 25.1
Ice Magic      | 5 6 7 9 10 12 14 16 | 16.0
Axes           | 2 7 8 10 13 15 16 18 | 18.0
Shields        | 4 5 7 10 12 14 15 16 | 16.6
Invocations    | 5 7 10 12 14 | 14.0
Spellcasting   | 3 5 7 9 10 12 | 12.2
Conjurations   | 3 5 |  5.0
Air Magic      | 3 |  3.1
Maces & Flails | 2 |  2.2
Translocations | 9 12 | 12.0
Transmutations | 5 |  5.0

Action                     |  1- 3 |  4- 6 |  7- 9 | 10-12 | 13-15 | 16-18 | 19-21 | 22-24 | 25-27 || total
---------------------------+-------+-------+-------+-------+-------+-------+-------+-------+-------++-------
  Melee: Unarmed           |    20 |       |       |       |       |       |       |       |       ||    20
         Dagger            |    26 |    63 |    41 |       |       |       |       |       |       ||   130
         Tailslap          |     4 |     5 |    32 |    72 |    48 |   138 |   232 |   222 |   610 ||  1363
         Short sword       |       |       |   115 |       |       |       |       |       |       ||   115
         Punch             |       |       |     2 |     1 |       |       |       |       |       ||     3
         Trident           |       |       |    19 |   109 |       |       |       |       |       ||   128
         Broad axe         |       |       |       |   293 |   276 |   634 |   957 |   415 |       ||  2575
         Bite              |       |       |       |       |    34 |   117 |   176 |   179 |   451 ||   957
         Staff             |       |       |       |       |    12 |       |       |       |       ||    12
         Sacred scourge    |       |       |       |       |       |       |       |   464 |  1829 ||  2293
         Headbutt          |       |       |       |       |       |       |       |       |    71 ||    71
  Throw: Dart              |       |       |       |    16 |     8 |       |       |     1 |       ||    25
   Cast: Freeze            |    46 |    17 |    14 |       |       |       |       |       |       ||    77
         Frozen Ramparts   |     2 |     9 |    17 |    32 |     4 |       |       |       |       ||    64
         Ozocubu's Armour  |       |       |       |    17 |     7 |       |       |       |     1 ||    25
         Ozocubu's Refrige |       |       |       |    15 |   250 |   277 |   129 |   149 |    94 ||   914
         Freezing Cloud    |       |       |       |       |     2 |    14 |     1 |       |       ||    17
         Vhi's Electric Ch |       |       |       |       |       |       |       |       |    11 ||    11
         Irradiate         |       |       |       |       |       |       |       |       |    26 ||    26
         Dispersal         |       |       |       |       |       |       |       |       |     4 ||     4
 Invoke: Slouch            |       |       |       |     1 |       |     5 |     2 |     6 |     6 ||    20
         Step From Time    |       |       |       |       |       |     1 |     1 |       |     1 ||     3
Ability: Breathe Acid      |       |       |     6 |    13 |     3 |     1 |     3 |       |     1 ||    27
  Evoke: Wand              |       |       |    15 |    15 |       |     1 |       |     1 |       ||    32
    Use: Scroll            |     8 |     3 |     2 |    13 |    11 |     7 |     6 |    18 |    17 ||    85
         Potion            |       |     1 |       |     5 |     1 |     7 |     1 |    10 |    32 ||    57
   Stab: Sleeping          |     7 |       |     2 |     4 |     7 |     8 |    10 |    14 |    19 ||    71
         Distracted        |       |       |     1 |     1 |     1 |     1 |     4 |     1 |     6 ||    15
         Held in net/web   |       |       |       |       |       |     1 |       |       |       ||     1
         Invisible         |       |       |       |       |       |       |       |       |     3 ||     3
 Armour: Skin              |    26 |    37 |    72 |   168 |   101 |   149 |   115 |    78 |   116 ||   862
  Dodge: Dodged            |    48 |    41 |   158 |   454 |   327 |   626 |  1028 |   711 |  1229 ||  4622
  Block: Buckler           |       |       |       |   134 |   167 |       |       |       |       ||   301
         Kite shield       |       |       |       |       |   127 |  1030 |  1327 |   899 |  1421 ||  4804

Table legend: (Time is in decaauts)
 A = Elapsed time spent in this place.
 B = Non-inter-level travel time spent in this place.
 C = Inter-level travel time spent in this place.
 D = Time resting spent in this place.
 E = Time spent auto-exploring this place.
 F = Levels seen in this place.
 G = Mean time per level.
                   A        B        C        D        E       F      G
               +--------+--------+--------+--------+--------+-----+--------+
         Total | 112117 |  97729 |  14388 |   4758 |  75945 |  67 | 1673.4 |
       Dungeon |  28109 |  22159 |   5950 |    640 |  17765 |  15 | 1873.9 |
          Lair |  10803 |   9110 |   1693 |    164 |   7894 |   5 | 2160.6 |
        Shoals |   7014 |   6205 |    809 |    103 |   5190 |   4 | 1753.5 |
   Spider Nest |   9528 |   9176 |    352 |     53 |   7720 |   4 | 2382.0 |
    Slime Pits |   3964 |   3797 |    167 |   1117 |   2124 |   5 |  792.8 |
  Orcish Mines |   2341 |   1701 |    640 |      0 |   1258 |   2 | 1170.5 |
   Elven Halls |   5770 |   5469 |    301 |     52 |   4764 |   3 | 1923.3 |
        Vaults |  14309 |  12839 |   1470 |    279 |  10017 |   5 | 2861.8 |
         Crypt |   6446 |   5969 |    477 |    468 |   4420 |   3 | 2148.7 |
        Depths |  11086 |   9140 |   1946 |     39 |   7679 |   4 | 2771.5 |
           Zot |   7437 |   6859 |    578 |    887 |   4333 |   5 | 1487.4 |
      Ziggurat |   1333 |   1333 |      0 |      0 |    990 |   9 |  148.1 |
        Bailey |    879 |    879 |      0 |    128 |    427 |   1 |  879.0 |
      Ice Cave |   2396 |   2396 |      0 |    753 |    985 |   1 | 2396.0 |
      Gauntlet |    696 |    696 |      0 |     74 |    376 |   1 |  696.0 |
               +--------+--------+--------+--------+--------+-----+--------+

Top non-repeatable levels by time:
Vaults:4: 3489 daAuts
Depths:2: 3423 daAuts
Spider:4: 3373 daAuts
    D:11: 3270 daAuts
Vaults:5: 3226 daAuts
 Crypt:3: 3165 daAuts
Depths:3: 2908 daAuts
   Elf:3: 2867 daAuts
Vaults:1: 2866 daAuts
   Zot:1: 2800 daAuts
  Lair:2: 2799 daAuts
    D:13: 2744 daAuts
Depths:4: 2700 daAuts
Shoals:4: 2679 daAuts
  Lair:5: 2677 daAuts
